[Event "Mitropa Online Cup Open 2021"]
[Site "Hybrid"]
[Date "2021.05.04"]
[Round "9.3"]
[White "Borhy, Marcell"]
[Black "Tomazini, Zan"]
[Result "1-0"]
[ECO "D96"]
[WhiteElo "2384"]
[BlackElo "2406"]
[Annotator "NA"]
[PlyCount "83"]
[EventDate "2021.05.04"]
[EventType "team-tourn"]
[EventCountry "NET"]
[SourceTitle "playchess.com"]
[Source "ChessBase"]
[SourceQuality "1"]
[WhiteTeam "Hungary"]
[BlackTeam "Slovenia"]
[WhiteTeamCountry "HUN"]
[BlackTeamCountry "SLO"]
[TimeControl "40/5400+30:1800+30"]

1. Nf3 Nf6 2. g3 g6 3. Bg2 Bg7 4. d4 d5 5. c4 dxc4 6. Qa4+ Nbd7 7. Nc3 O-O 8. Qxc4 Ne8 9. O-O Nd6 10. Qb3 c5 11. Rd1 cxd4 12. Nxd4 Nc5 13. Qc2 Bd7 14. Nb3 Nxb3 15. Qxb3 Bc6 16. Bf4 Bxg2 17. Kxg2 Qd7 18. Nd5 e5 19. Be3 Rfc8 20. Qb4 Rc6 21. Rac1 Rxc1 22. Bxc1 Re8 23. Bg5 Re6 24. e4 h6 25. Be7 Kh8 26. Bxd6 Qxd6 27. Qxb7 Qc6 28. Qxa7 Re8 29. Nc3 f5 30. Rd7 Rg8 31. Qb7 Qc4 32. Qd5 Qb4 33. Rb7 Qd4 34. a4 fxe4 35. Qxe4 Rf8 36. Qe3 Rd8 37. a5 Ra8 38. b4 Rc8 39. a6 Qc4 40. a7 Qc6+ 41. Qe4 Qxc3 42. Rb8 1-0

[Event "Mitropa Online Cup Open 2021"]
[Site "Hybrid"]
[Date "2021.05.04"]
[Round "9.4"]
[White "Gazik, Viktor"]
[Black "Rogic, Davor"]
[Result "1-0"]
[ECO "C45"]
[WhiteElo "2542"]
[BlackElo "2492"]
[Annotator "ChessBase"]
[PlyCount "51"]
[EventDate "2021.05.04"]
[EventType "team-tourn"]
[EventCountry "NET"]
[SourceTitle "playchess.com"]
[Source "ChessBase"]
[SourceQuality "1"]
[WhiteTeam "Slovakia"]
[BlackTeam "Croatia"]
[WhiteTeamCountry "SVK"]
[BlackTeamCountry "CRO"]
[TimeControl "40/5400+30:1800+30"]

1. e4 e5 2. Nf3 Nc6 3. d4 exd4 4. Nxd4 Nf6 5. Nxc6 bxc6 6. Bd3 d5 7. exd5 cxd5 8. O-O Be7 9. Re1 O-O 10. h3 Bb7 11. Nd2 Re8 12. b3 Ne4 13. Nxe4 dxe4 14. Bb5 c6 15. Bc4 Bf6 16. Rb1 Bc3 17. Qh5 Qc7 18. Rd1 Be5 19. Be3 Bc8 20. Rd2 Bc3 21. Rd6 Ba6 22. Qc5 Bb7 23. Rbd1 Re7 24. Bg5 Re5 25. Qe3 Qa5 26. Bd8 1-0

[Event "Mitropa Online Cup Open 2021"]
[Site "Hybrid"]
[Date "2021.05.04"]
[Round "9.4"]
[White "Druska, Juraj"]
[Black "Zelcic, Robert"]
[Result "1/2-1/2"]
[ECO "B10"]
[WhiteElo "2494"]
[BlackElo "2539"]
[Annotator "ChessBase"]
[PlyCount "75"]
[EventDate "2021.05.04"]
[EventType "team-tourn"]
[EventCountry "NET"]
[SourceTitle "playchess.com"]
[Source "ChessBase"]
[SourceQuality "1"]
[WhiteTeam "Slovakia"]
[BlackTeam "Croatia"]
[WhiteTeamCountry "SVK"]
[BlackTeamCountry "CRO"]
[TimeControl "40/5400+30:1800+30"]

1. e4 c6 2. Nf3 d5 3. d3 Qc7 4. Nc3 dxe4 5. Nxe4 Nf6 6. Qe2 Nxe4 7. Qxe4 Nd7 8. g3 Nf6 9. Qe5 Qxe5+ 10. Nxe5 Be6 11. Bg2 Bd5 12. O-O Bxg2 13. Kxg2 e6 14. Bd2 Be7 15. Rae1 O-O 16. f4 Bd6 17. Nc4 Bc7 18. Re2 Rfd8 19. Rfe1 a5 20. a4 b5 21. Ne5 Ra6 22. f5 exf5 23. Nxf7 Kxf7 24. Re7+ Kf8 25. Rxc7 bxa4 26. Ree7 Nd5 27. Rf7+ Ke8 28. Rb7 Rb6 29. Rxb6 Kxf7 30. Rxc6 Rb8 31. Bc1 Nb4 32. Rc7+ Ke6 33. Bf4 Rb6 34. Rc5 Nd5 35. Bc1 Nb4 36. Bf4 Nd5 37. Bc1 Nb4 38. Bf4 1/2-1/2

[Event "Mitropa Online Cup Open 2021"]
[Site "Hybrid"]
[Date "2021.05.04"]
[Round "9.4"]
[White "Kovacevic, Blazimir"]
[Black "Pechac, Jergus"]
[Result "0-1"]
[ECO "A29"]
[WhiteElo "2410"]
[BlackElo "2519"]
[Annotator "ChessBase"]
[PlyCount "144"]
[EventDate "2021.05.04"]
[EventType "team-tourn"]
[EventCountry "NET"]
[SourceTitle "playchess.com"]
[Source "ChessBase"]
[SourceQuality "1"]
[WhiteTeam "Croatia"]
[BlackTeam "Slovakia"]
[WhiteTeamCountry "CRO"]
[BlackTeamCountry "SVK"]
[TimeControl "40/5400+30:1800+30"]

1. c4 e5 2. Nc3 Nf6 3. Nf3 Nc6 4. g3 d5 5. cxd5 Nxd5 6. Bg2 Bc5 7. O-O O-O 8. d3 Re8 9. Bd2 Nb6 10. Rc1 Bf8 11. Ne4 Nd4 12. Nc5 c6 13. Re1 a5 14. a3 a4 15. Nxd4 exd4 16. e3 h6 17. exd4 Rxe1+ 18. Bxe1 Qxd4 19. Qc2 Nd5 20. Ne4 Bf5 21. Qe2 Bg6 22. Rc4 Qe5 23. f4 Qe6 24. Bf2 b5 25. Rc1 b4 26. axb4 Nxb4 27. Rc4 Rd8 28. Rd4 Rxd4 29. Bxd4 Qd7 30. Bc3 Nxd3 31. Kf1 c5 32. Qe3 Qb5 33. Qe2 a3 34. bxa3 Bh5 35. Bf3 Bxf3 36. Qxf3 f5 37. Nd2 Nxf4+ 38. Kg1 Ne2+ 39. Kf2 Nxc3 40. Qxc3 Kh7 41. Qc2 g6 42. h4 Bg7 43. Nc4 Qc6 44. Qd3 Bd4+ 45. Ke2 Kg7 46. Nd2 Be5 47. Kf2 Bf6 48. Qb3 Bd4+ 49. Ke2 Qg2+ 50. Kd1 Be5 51. Nf3 Qxg3 52. Qb7+ Bc7 53. a4 Qf4 54. a5 Qa4+ 55. Ke2 Qe4+ 56. Qxe4 fxe4 57. Nd2 Bxa5 58. Nxe4 c4 59. Nd6 c3 60. Kd3 Kf6 61. Nc4 Bb4 62. Ne3 Ke6 63. h5 gxh5 64. Nd1 h4 65. Nxc3 h3 66. Ne4 h2 67. Ng3 Bd6 68. Nh1 Kf5 69. Ke3 Kg4 70. Kf2 Kh3 71. Kf3 Bc5 72. Ng3 h5 0-1

[Event "Mitropa Online Cup Open 2021"]
[Site "Hybrid"]
[Date "2021.05.04"]
[Round "9.4"]
[White "Tica, Sven"]
[Black "Nayhebaver, Martin"]
[Result "1/2-1/2"]
[ECO "E05"]
[WhiteElo "2396"]
[BlackElo "2485"]
[Annotator "ChessBase"]
[PlyCount "92"]
[EventDate "2021.05.04"]
[EventType "team-tourn"]
[EventCountry "NET"]
[SourceTitle "playchess.com"]
[Source "ChessBase"]
[SourceQuality "1"]
[WhiteTeam "Croatia"]
[BlackTeam "Slovakia"]
[WhiteTeamCountry "CRO"]
[BlackTeamCountry "SVK"]
[TimeControl "40/5400+30:1800+30"]

1. d4 Nf6 2. c4 e6 3. g3 d5 4. Bg2 Be7 5. Nf3 O-O 6. O-O dxc4 7. Ne5 c5 8. dxc5 Qc7 9. Nxc4 Rd8 10. Nbd2 Qxc5 11. b3 Qh5 12. e3 Qxd1 13. Rxd1 Nc6 14. Bb2 Bd7 15. Nf3 Be8 16. Nfe5 Nxe5 17. Bxe5 Nd5 18. e4 Nf6 19. Bc7 Rxd1+ 20. Rxd1 Bc6 21. Na5 Bxe4 22. Nxb7 Bxg2 23. Kxg2 Nd5 24. Bd6 Bg5 25. Rd4 Nc3 26. Rc4 Bf6 27. a4 g5 28. Kf3 Kg7 29. Bb4 Nd5 30. Bd6 h5 31. h3 Kg6 32. b4 Nb6 33. Rc6 Nxa4 34. Ra6 Nc3 35. Bc5 Rb8 36. Nd6 Nd5 37. Rxa7 Nxb4 38. Bxb4 Rxb4 39. Nxf7 g4+ 40. hxg4 hxg4+ 41. Kg2 Rd4 42. f4 Rd2+ 43. Kh1 Rd5 44. Kg2 Rd2+ 45. Kh1 Rd1+ 46. Kg2 Rd2+ 1/2-1/2

[Event "Mitropa Online Cup Open 2021"]
[Site "Hybrid"]
[Date "2021.05.04"]
[Round "9.5"]
[White "Nguyen, Thai Dai Van"]
[Black "Studer, Noel"]
[Result "1/2-1/2"]
[ECO "D39"]
[WhiteElo "2577"]
[BlackElo "2584"]
[Annotator "ChessBase"]
[PlyCount "72"]
[EventDate "2021.05.04"]
[EventType "team-tourn"]
[EventCountry "NET"]
[SourceTitle "playchess.com"]
[Source "ChessBase"]
[SourceQuality "1"]
[WhiteTeam "Czech Republic"]
[BlackTeam "Switzerland"]
[WhiteTeamCountry "CZE"]
[BlackTeamCountry "SUI"]
[TimeControl "40/5400+30:1800+30"]

1. d4 Nf6 2. c4 e6 3. Nf3 d5 4. Nc3 dxc4 5. e4 Bb4 6. Bg5 c5 7. Bxc4 cxd4 8. Nxd4 Bxc3+ 9. bxc3 Qa5 10. Bxf6 Qxc3+ 11. Kf1 gxf6 12. Rc1 Qb4 13. Bxe6 Nc6 14. Nxc6 bxc6 15. Qb3 Ba6+ 16. Bc4 Qxb3 17. axb3 Bb5 18. Ke2 O-O 19. Bxb5 cxb5 20. Rc6 Rfe8 21. Kf3 Kg7 22. Ra6 Rec8 23. Re1 b4 24. Re3 Rc2 25. Kg3 Rc7 26. Kf4 Rc2 27. Kg3 Rc7 28. Kf4 Rc2 29. Rg3+ Kf8 30. Rf3 Re2 31. Rxf6 Re8 32. Kg3 Re7 33. R3f4 Rb2 34. Rf3 Re2 35. R3f4 Rb2 36. Rf3 Re2 1/2-1/2

[Event "Mitropa Online Cup Open 2021"]
[Site "Hybrid"]
[Date "2021.05.04"]
[Round "9.5"]
[White "Kriebel, Tadeas"]
[Black "Baenziger, Fabian"]
[Result "1/2-1/2"]
[ECO "B92"]
[WhiteElo "2527"]
[BlackElo "2394"]
[Annotator "ChessBase"]
[PlyCount "126"]
[EventDate "2021.05.04"]
[EventType "team-tourn"]
[EventCountry "NET"]
[SourceTitle "playchess.com"]
[Source "ChessBase"]
[SourceQuality "1"]
[WhiteTeam "Czech Republic"]
[BlackTeam "Switzerland"]
[WhiteTeamCountry "CZE"]
[BlackTeamCountry "SUI"]
[TimeControl "40/5400+30:1800+30"]

1. e4 c5 2. Nf3 d6 3. d4 cxd4 4. Nxd4 Nf6 5. Nc3 a6 6. Be2 e5 7. Nb3 Be7 8. Bg5 Be6 9. Bxf6 Bxf6 10. Qd3 O-O 11. Rd1 Be7 12. Nd5 Bxd5 13. Qxd5 Qc7 14. Bg4 a5 15. O-O a4 16. Nd2 Na6 17. Nc4 Nc5 18. a3 g6 19. g3 b5 20. Ne3 Bg5 21. Ng2 Kg7 22. h4 Bh6 23. c3 Rad8 24. Be2 Qb6 25. Ne1 Kh8 26. Nd3 Nxd3 27. Bxd3 f5 28. Qxb5 Qa7 29. Qa6 Qd7 30. Bb5 Qe6 31. Bc4 Qd7 32. Qb5 Qc8 33. exf5 gxf5 34. Bd5 f4 35. Qb7 fxg3 36. Qxc8 gxf2+ 37. Rxf2 Rxc8 38. Rxf8+ Rxf8 39. Bc6 Be3+ 40. Kg2 Bc5 41. Rd2 Rf4 42. Kg3 Kg7 43. Rc2 Kf6 44. c4 Rd4 45. Bxa4 Rd3+ 46. Kg2 e4 47. Bc6 Rb3 48. Bxe4 Bd4 49. Bxh7 Bxb2 50. a4 Be5 51. Be4 Rg3+ 52. Kf1 Bd4 53. h5 Ke5 54. Bg2 Rg5 55. Re2+ Kf6 56. Re4 Bc5 57. Bf3 Rg1+ 58. Ke2 Ra1 59. Rg4 Rxa4 60. h6 Ra2+ 61. Kd3 Rh2 62. Rf4+ Kg5 63. Rg4+ Kf6 1/2-1/2

[Event "Mitropa Online Cup Open 2021"]
[Site "Hybrid"]
[Date "2021.05.04"]
[Round "9.5"]
[White "Kurmann, Oliver"]
[Black "Babula, Vlastimil"]
[Result "1/2-1/2"]
[ECO "B42"]
[WhiteElo "2437"]
[BlackElo "2559"]
[Annotator "ChessBase"]
[PlyCount "84"]
[EventDate "2021.05.04"]
[EventType "team-tourn"]
[EventCountry "NET"]
[SourceTitle "playchess.com"]
[Source "ChessBase"]
[SourceQuality "1"]
[WhiteTeam "Switzerland"]
[BlackTeam "Czech Republic"]
[WhiteTeamCountry "SUI"]
[BlackTeamCountry "CZE"]
[TimeControl "40/5400+30:1800+30"]

1. e4 c5 2. Nf3 e6 3. d4 cxd4 4. Nxd4 a6 5. Bd3 Bc5 6. Nb3 Ba7 7. O-O Nc6 8. Qe2 d6 9. Be3 Bxe3 10. Qxe3 Nf6 11. c4 O-O 12. Nc3 e5 13. Rfd1 Be6 14. Be2 Qb8 15. a4 b6 16. Nd5 Nd7 17. a5 bxa5 18. Nxa5 Bxd5 19. cxd5 Nxa5 20. Rxa5 Qxb2 21. Rxa6 Rxa6 22. Bxa6 Nc5 23. Be2 Ra8 24. Bf3 g6 25. h4 Ra3 26. Qg5 Ra2 27. Qd8+ Kg7 28. Rf1 h5 29. Qxd6 Nd3 30. Qe7 Nxf2 31. d6 Ng4 32. d7 Qd4+ 33. Kh1 Ra1 34. Bd1 Nf2+ 35. Kh2 Rxd1 36. Rxd1 Ng4+ 37. Kh3 Qxd1 38. d8=Q Qh1+ 39. Kg3 Qe1+ 40. Kh3 Qh1+ 41. Kg3 Qe1+ 42. Kh3 Qh1+ 1/2-1/2

[Event "Mitropa Online Cup Open 2021"]
[Site "Hybrid"]
[Date "2021.05.04"]
[Round "9.5"]
[White "Fecker, Noah"]
[Black "Finek, Vaclav"]
[Result "1/2-1/2"]
[ECO "C43"]
[WhiteElo "2319"]
[BlackElo "2361"]
[Annotator "NA"]
[PlyCount "61"]
[EventDate "2021.05.04"]
[EventType "team-tourn"]
[EventCountry "NET"]
[SourceTitle "playchess.com"]
[Source "ChessBase"]
[SourceQuality "1"]
[WhiteTeam "Switzerland"]
[BlackTeam "Czech Republic"]
[WhiteTeamCountry "SUI"]
[BlackTeamCountry "CZE"]
[TimeControl "40/5400+30:1800+30"]

1. e4 e5 2. Nf3 Nf6 3. d4 Nxe4 4. Bd3 Nc6 5. Bxe4 d5 6. Bg5 Qd7 7. Bd3 e4 8. Be2 exf3 9. Bxf3 Qf5 10. Be3 Nb4 11. Na3 c6 12. O-O Bd6 13. Be2 O-O 14. c3 Na6 15. Bd3 Qf6 16. Qh5 h6 17. Rfe1 Nc7 18. Nc2 Bd7 19. Re2 Ne6 20. Qf5 Qxf5 21. Bxf5 Rfe8 22. Rae1 Nf8 23. Bxd7 Nxd7 24. Bc1 Kf8 25. Kf1 Nf6 26. Rxe8+ Rxe8 27. Rxe8+ Kxe8 28. h3 h5 29. Ne1 g6 30. Nd3 Nd7 31. Bf4 1/2-1/2